 Dungeon Crawl Stone Soup version 0.30.1-11-g7821555f0a (webtiles) character file.

Game seed: 7919154639286305594

116 Dordric the Cudgeller (level 5, -1/81 HPs)
             Began as an Ogre Berserker on Nov 8, 2023.
             Was a Believer of Trog.
             Slain by a gnoll
             ... wielding a +0 club
             ... led by a gnoll bouda
              (6 damage)
             ... on level 2 of the Dungeon.
             The game lasted 00:01:10 (1416 turns).

Dordric the Cudgeller (Ogre Berserker)              Turns: 1416, Time: 00:01:10

Health: -1/81      AC:  3    Str: 23    XL:     5   Next: 1%
Magic:  5/5        EV: 10    Int:  8    God:    Trog [**....]
Gold:   44         SH:  0    Dex:  8    Spells: 4/4 levels left

rFire   . . .        a - +0 mace
rCold   . . .        (no shield)
rNeg    . . .        b - +0 animal skin
rPois   .            (helmet restricted)
rElec   .            (no cloak)
rCorr   .            (gloves unavailable)
SInv    .            (boots unavailable)
Will    .....        (no amulet) Stlth
                     (no ring)
HPRegen 0.33/turn    (no ring)
MPRegen 0.09/turn

%: no passive effects
@: berserking, very quick
A: large, unfitting armour, tough skin 1
a: Renounce Religion, Berserk, Trog's Hand


You were on level 2 of the Dungeon.
You worshipped Trog.
Trog was pleased with you.
You visited 1 branch of the dungeon, and saw 2 of its levels.

You collected 44 gold pieces.

Inventory:

Hand Weapons
 a - a +0 mace (weapon)
Armour
 b - a +0 animal skin (worn)
Scrolls
 c - 3 scrolls of noise {unknown}
 e - 4 scrolls of identify {unknown}
 i - a scroll of brand weapon {unknown}
 j - a scroll of enchant weapon {unknown}
Potions
 d - 2 potions of ambrosia {unknown}
 f - a potion of lignification {unknown}
 g - a potion of haste {unknown}
 h - a potion of cancellation {unknown}


   Skills:
 - Level 4.0 Fighting
 + Level 5.0 Maces & Flails
 - Level 2.6 Dodging


You had 4 spell levels left.
You didn't know any spells.
Your spell library was empty.

Dungeon Overview and Level Annotations

Branches:
Dungeon (2/15)

Altars:

Shops:
D:2 :


Innate Abilities, Weirdness & Mutations

You are too large for most types of armour.
You have tough skin. (AC +1)


Message History

The gnoll bouda utters an invocation to its god.
The gnoll bouda is healed somewhat.
A gnoll comes into view. It is wielding a +0 club.
You completely miss the gnoll bouda.
The gnoll bouda is severely wounded.
The gnoll barely misses you.
The gnoll bouda barks out a call to the hunt!
The gnolls pick up the pace!
The gnoll barely misses you.
Unknown command.
You hit the gnoll bouda.
The gnoll bouda is almost dead.
The gnoll misses you. The gnoll barely misses you.
The gnoll bouda hits you with a +0 whip!
The gnoll hits you with a +0 club.
Unknown command.
You hit the gnoll bouda.
You kill the gnoll bouda!
Trog accepts your kill. The gnoll hits you with a +0 flail.
* * * LOW HITPOINT WARNING * * *
The gnoll closely misses you. The gnoll hits you with a +0 club.
* * * LOW HITPOINT WARNING * * *
You sock the gnoll!
The gnoll is almost dead.
The gnoll barely misses you. The gnoll closely misses you.
The gnoll hits you with a +0 club!
* * * LOW HITPOINT WARNING * * *
You thump the gnoll!
You kill the gnoll!
Trog accepts your kill. The gnoll closely misses you.
Your Maces & Flails skill increases to level 5!
You have reached level 5!
You sock the gnoll!
The gnoll is severely wounded.
The gnoll hits you from afar with a +0 spear.
* * * LOW HITPOINT WARNING * * *
The gnoll hits you with a +0 club.
You die...

#.###...### .....#
#.........# .....##
....#####.# .....'.
.##.# #.##
####.....# .##.#
#.##.#........##
....#
#.##.#..g.......
.#..#
#.##....gg.g....
.#†.# #.##...))# .
....#####.##...g@#.#
##†........#.....#.#
##...#######.......#
##..)# #.....#.#
##...# #.#...#.#
##...## #.###'#+##
.+....# #......(.#
##....# #........#
#.[..# #........#


You could see 4 gnolls.

Vanquished Creatures
  A gnoll bouda (D:2)
  A gnoll (D:2)
  5 adders (D:2)
  A dart slug (D:2)
  4 bats
  3 endoplasms (D:1)
  3 giant cockroaches
  5 goblins
  2 hobgoblins (D:1)
  A quokka (D:1)
  A ball python (D:2)
  A frilled lizard (D:2)
  4 kobolds
  2 rats
34 creatures vanquished.

Notes
Turn   | Place    | Note
-------+----------+-------------------------------------------
     0 | D:1      | Dordric the Ogre Berserker began the quest for the Orb.
     0 | D:1      | Reached XP level 1. HP: 24/24 MP: 1/1
    90 | D:1      | Reached skill level 3 in Maces & Flails
   179 | D:1      | Reached XP level 2. HP: 13/32 MP: 2/2
   362 | D:1      | Found a faded altar of an unknown god.
   935 | D:2      | Reached XP level 3. HP: 15/39 MP: 3/3
   937 | D:2      | Reached skill level 4 in Maces & Flails
  1094 | D:2      | Reached ** piety under Trog
  1184 | D:2      | Found Dare's Book Shoppe.
  1291 | D:2      | Reached XP level 4. HP: 29/48 MP: 4/4
  1416 | D:2      | Reached skill level 5 in Maces & Flails
  1416 | D:2      | Reached XP level 5. HP: 9/54 MP: 5/5
  1416 | D:2      | Slain by a gnoll

Illustrated notes

Levels and vault maps discovered:
D:1:      amcnicky_arrival_abandoned_market, layout_loops_ring,
          hellmonk_ecumenical_altar_run_dry
D:2:      layout_basic, serial_shops, nicolae_shop_trees, st_stairs_13,
          minmay_pentomino_p4, uniq_jessica

Skill      XL: |  1  2  3  4 |
---------------+-------------+-----
Maces & Flails | 3 4 5 |  5.0
Fighting       | |  4.0
Dodging        | |  2.6

Action                     |  1- 3 |  4- 6 || total
---------------------------+-------+-------++-------
  Melee: Mace              |    90 |    26 ||   116
 Invoke: Berserk           |     1 |     1 ||     2
   Stab: Sleeping          |     1 |       ||     1
 Armour: Animal skin       |    41 |     4 ||    45
  Dodge: Dodged            |    57 |    22 ||    79
